 Dungeon Crawl Stone Soup version 0.21.1 (webtiles) character file.

182 Mgcat the Sneak (level 5, -1/30 HPs)
             Began as a Gargoyle Assassin on Feb 4, 2018.
             Slain by an orc
             ... wielding a +1 falchion of holy wrath
              (5 damage)
             ... on level 2 of the Dungeon.
             The game lasted 00:06:12 (2882 turns).

Mgcat the Sneak (Gargoyle Assassin)                 Turns: 2882, Time: 00:06:13

Health: -1/30      AC:  9    Str: 14    XL:     5   Next: 62%
Magic:  5/5        EV: 11    Int: 12    God:
Gold:   107        SH:  0    Dex: 12    Spells: 4/4 levels left

rFire    . . .     SeeInvis .   q - -1 dagger (curse)
rCold    . . .     Gourm    .   (no shield)
rNeg     + . .     Faith    .   c - +0 robe
rPois    ∞         Spirit   .   (no helmet)
rElec    +         Reflect  .   d - +1 cloak
rCorr    .         Harm     .   p - +0 pair of gloves
MR       .....                  (no boots)
Stlth    +++.......             o - amulet of inaccuracy (curse)
HPRegen  0.10/turn              (no ring)
MPRegen  0.09/turn              (no ring)

@: berserk cooldown, slowed, very slow
A: negative energy resistance 1, electricity resistance, unbreathing,
petrification resistance, rot immunity, AC +4
a: no special abilities


You were on level 2 of the Dungeon.
You were not hungry.

You visited 1 branch of the dungeon, and saw 3 of its levels.

You collected 107 gold pieces.

Inventory:

Hand Weapons
 a - a +3 dagger
 b - a +0 blowgun
 q - a cursed -1 dagger (weapon)
Missiles
 e - 31 poisoned needles
 f - 2 curare-tipped needles
 i - 6 needles of confusion
Armour
 c - a +0 robe (worn)
 d - a +1 cloak (worn)
 p - a +0 pair of gloves (worn)
Jewellery
 o - a cursed amulet of inaccuracy (around neck)
 s - an uncursed ring of fire
Scrolls
 m - 2 scrolls of identify
Potions
 h - a potion of berserk rage
 j - a potion of heal wounds {unknown}
 k - a potion of mutation {unknown}
 n - 3 potions of degeneration {unknown}
Comestibles
 g - 4 rations
 l - a chunk of flesh


   Skills:
 - Level 2.1 Fighting
 + Level 3.2 Short Blades
 + Level 3.2 Throwing
 - Level 0.7 Dodging
 + Level 5.7 Stealth


You had 4 spell levels left.
You didn't know any spells.

Dungeon Overview and Level Annotations

Branches:
Dungeon (3/15)

Altars:


Innate Abilities, Weirdness & Mutations

You are resistant to torment.
Your stone body is resilient. (AC +4)
You are immune to poison.
You resist negative energy. (rN+)
You are resistant to electric shocks. (rElec)
You can survive without breathing.
You are immune to petrification.
You are immune to rotting.


Message History

The orc barely misses you.
You hit the orc.
The orc is heavily wounded.
The orc hits you with a falchion of holy wrath.
* * * LOW HITPOINT WARNING * * *
Some of the chunks of flesh in your inventory have rotted away.
You hit the orc but do no damage.
The orc is heavily wounded.
The orc hits you with a falchion of holy wrath.
* * * LOW HITPOINT WARNING * * *
Okay, then.
Unknown command.
Unknown command.
You hit the orc but do no damage.
The orc is heavily wounded.
The orc closely misses you.
You barely miss the orc.
The orc is heavily wounded.
The orc hits you with a falchion of holy wrath.
You die...

###### #.# #.#.#.#.# ♣#....##
#.# #.......# #..)...## #.#
#...#.#.# ........## #.#
#####.#.....# ......#..##
###.#####.....####.##
......##..###.......#.##...# #.#
...........##.#........#.#.###.#
♣♣♣♣.......##.#..o..#..#.#.....#
♣♣.....).....@......#.#######
♣.....###.#..##.####.....#
♣....#♣...#............#.#
♣.....######.##......#.#.#
♣......###...........#.#.#
♣♣..................#...#.#
♣♣♣♣.......#.###.#####.#.###.#
..................# #.#.#...#
......##.....#....# ##.#.###.#


You could see an orc.

Vanquished Creatures
  An orc priest (D:3)
  Natasha (D:2)
  A worker ant (D:2)
  An adder (D:2)
  2 oozes (D:1)
  2 dart slugs
  7 leopard geckos
  6 orcs (D:3)
  4 bats
  4 giant cockroaches
  3 goblins
  10 hobgoblins
  4 jackals
  A quokka (D:3)
  2 ball pythons (D:1)
  3 frilled lizards
  8 kobolds
  10 rats
70 creatures vanquished.

Notes
Turn   | Place    | Note
-------+----------+-------------------------------------------
     0 | D:1      | Mgcat the Gargoyle Assassin began the quest for the Orb.
     0 | D:1      | Reached XP level 1. HP: 12/12 MP: 1/1
    55 | D:1      | Reached XP level 2. HP: 12/17 MP: 2/2
   575 | D:1      | Reached XP level 3. HP: 10/21 MP: 3/3
  1223 | D:1      | Reached skill level 5 in Stealth
  1719 | D:2      | Reached XP level 4. HP: 26/26 MP: 4/4
  2047 | D:2      | Noticed Natasha
  2055 | D:2      | Killed Natasha
  2169 | D:2      | Reached XP level 5. HP: 30/30 MP: 5/5
  2882 | D:2      | Slain by an orc

Skill      XL: |  1  2  3  4 |
---------------+-------------+-----
Short Blades   | 2 3 |  3.2
Throwing       | 2 3 |  3.2
Stealth        | 5 |  5.7
Fighting       | |  2.1
Dodging        | |  0.7

Action                   |  1- 3 |  4- 6 || total
-------------------------+-------+-------++-------
Melee: Dagger            |   116 |   158 ||   274
 Fire: Blowgun           |       |     1 ||     1
  Use: Scroll            |       |     6 ||     6
       Potion            |       |     1 ||     1
 Stab: Sleeping          |    12 |     3 ||    15
  Eat: Chunk             |     3 |     3 ||     6
Armor: Robe              |    33 |    55 ||    88
Dodge: Dodged            |    54 |    73 ||   127
